 Dungeon Crawl Stone Soup version 0.28.0 (webtiles) character file.

Game seed: 10646672320994103490

1605 browni3141 the Cleaver (level 8, -8/73 HPs)
             Began as a Minotaur Berserker on Feb 17, 2022.
             Was an Elder of Trog.
             Mangled by an orc warrior (13 damage)
             ... on level 5 of the Dungeon.
             The game lasted 00:03:43 (5229 turns).

browni3141 the Cleaver (Minotaur Berserker)         Turns: 5229, Time: 00:03:44

Health: -8/73      AC: 14    Str: 24    XL:     8   Next: 63%
Magic:  7/7        EV:  7    Int:  4    God:    Trog [****..]
Gold:   164        SH:  0    Dex: 10    Spells: 7/7 levels left

rFire   . . .      SeeInvis .   r - +5 war axe "Wuighann" {vorpal, Contam *Rage rPois Stlth+}
rCold   . . .      Faith    +   (no shield)
rNeg    . . .      Spirit   .   c - +0 plate armour
rPois   +          Reflect  .   (helmet restricted)
rElec   .          Harm     .   p - +0 cloak
rCorr   .          Rampage  .   (no gloves)
Will    .....      Rage     20% (no boots)
Stlth   ..........              H - amulet of faith {!P}
HPRegen 0.22/turn               (no ring)
MPRegen 0.10/turn               (no ring)

@: no status effects
A: horns 2, retaliatory headbutt
a: Renounce Religion, Berserk, Trog's Hand, Brothers in Arms


You were on level 5 of the Dungeon.
You worshipped Trog.
Trog was greatly pleased with you.
You visited 1 branch of the dungeon, and saw 5 of its levels.
You also visited: Ossuary.

You collected 164 gold pieces.


Innate Abilities, Weirdness & Mutations

You have a pair of horns on your head.
You reflexively headbutt those who attack you in melee.


   Skills:
 + Level 7.5 Fighting
 * Level 10.0 Axes
 + Level 6.9 Armour
 - Level 2.1 Dodging


You had 7 spell levels left.
You didn't know any spells.
Your spell library was empty.

Inventory:

Hand Weapons
 a - a +0 hand axe
 e - a +0 war axe
 r - the +5 war axe "Wuighann" (weapon) {vorpal, Contam *Rage rPois Stlth+}
   (You found it on level 5 of the Dungeon)

   It inflicts extra damage upon your enemies.
   rPois:     It protects you from poison.
   *Rage:     It berserks you when you make melee attacks (+20% chance).
   Contam:    It causes magical contamination when unequipped.
   Stlth:     It makes you more stealthy.
Missiles
 l - a throwing net (quivered)
Armour
 b - a +0 animal skin
 c - a +0 plate armour (worn)
 p - a +0 cloak (worn)
Jewellery
 H - an amulet of faith (around neck) {!P}
Scrolls
 d - 6 scrolls of identify {unknown}
 g - 2 scrolls of teleportation {unknown}
 k - a scroll of summoning {unknown}
 n - a scroll of amnesia {unknown}
 s - a scroll of blinking {unknown}
 x - 2 scrolls of fear {unknown}
 y - a scroll of fog {unknown}
 A - a scroll of torment {unknown}
Potions
 f - a potion of ambrosia {unknown}
 h - a potion of haste {unknown}
 i - 2 potions of curing {unknown}
 j - 3 potions of invisibility {unknown}
 m - 2 potions of cancellation {unknown}
 o - a potion of berserk rage {unknown}
 q - 4 potions of heal wounds {unknown}
 t - 2 potions of brilliance {unknown}
 u - a potion of attraction {unknown}
 v - 2 potions of mutation {unknown}
 w - 2 potions of flight {unknown}
 z - a potion of might {unknown}

Dungeon Overview and Level Annotations

Branches:
Dungeon (5/15)            Ossuary (visited)
 Temple: D:4-7

Altars:
Hepliaklqana
Okawaru
Trog
The Shining One

#### g. ...## #.?.
.. ....## #.).# #
#.##...... #...#∩
#..#.... #..^##
#.......## #o..##
....#....
#@..######..# #...
##...##....# #####
##...#....###....
#....#...........
#.#####.......##.
##.## #....#####.
#...####.##.##.#..
##...##............
##..................


You could see an orc warrior.


Message History

You barely miss the orc warrior. Your headbutt misses the orc warrior.
The orc warrior is lightly wounded.
The orc warrior hits you with a +0 war axe.
You hit the orc warrior. Your headbutt misses the orc warrior.
The orc warrior is moderately wounded.
The orc warrior hits you with a +0 war axe!
You closely miss the orc warrior. You headbutt the orc warrior.
The orc warrior is moderately wounded.
The orc warrior hits you with a +0 war axe!
* * * LOW HITPOINT WARNING * * *
You are too injured to fight recklessly!
You hit the orc warrior. You headbutt the orc warrior.
Your punch misses the orc warrior.
The orc warrior is almost dead.
The orc warrior hits you but does no damage.
You are too injured to fight recklessly!
You barely miss the orc warrior. Your headbutt misses the orc warrior.
The orc warrior is almost dead.
The orc warrior hits you with a +0 war axe!
* * * LOW HITPOINT WARNING * * *
You are too injured to fight recklessly!
You barely miss the orc warrior.
The orc warrior is almost dead.
The orc warrior hits you with a +0 war axe!
* * * LOW HITPOINT WARNING * * *
You are too injured to fight recklessly!
You closely miss the orc warrior. Your headbutt misses the orc warrior.
The orc warrior is almost dead.
The orc warrior hits you with a +0 war axe!
You die...

Skill      XL: |  1  2  3  4  5  6  7  8 |
---------------+-------------------------+-----
Axes           | 4 5 6 7 8 10 | 10.0
Fighting       | 4 5 6 7 |  7.5
Armour         | 3 4 5 6 |  6.9
Dodging        | |  2.1

Action                   |  1- 3 |  4- 6 |  7- 9 || total
-------------------------+-------+-------+-------++-------
Melee: Hand axe          |    11 |       |       ||    11
       Headbutt          |    10 |    13 |    25 ||    48
       War axe           |    39 |    71 |   151 ||   261
       Punch             |     1 |     1 |     3 ||     5
Invok: Berserk           |     1 |     3 |     5 ||     9
       Trog's Hand       |       |     1 |       ||     1
Armor: Animal skin       |     4 |       |       ||     4
       Plate armour      |    30 |    47 |    79 ||   156
Dodge: Dodged            |    12 |    32 |    53 ||    97

Levels and vault maps discovered:
D:1:      minmay_arrival_doors, layout_rooms, serial_corexii_hall,
          corexii_hall_statues_i, chequers_hall_statues_corner_a,
          corexii_hall_statues_u, corexii_hall_statues_u,
          chequers_ecumenical_altar_twisty
D:2:      kennysheep_big_flooded_room, layout_basic, fountainhead
D:3:      layout_basic, okawaru_trees_2
D:4:      layout_rooms, nicolae_hepliaklqana_hippocampus,
          uniq_crazy_yiuf_cottage, uniq_grinder
D:5:      layout_cave_pools, nzn_overflow_gifts_of_might_and_magic,
          cheibriados_altar_1, nicolae_tso_besieged_by_evil,
          lightli_ossuary_entry_decrepit_ruins

Notes
Turn   | Place    | Note
-------+----------+-------------------------------------------
     0 | D:1      | browni3141 the Minotaur Berserker began the quest for the
                  | Orb.
     0 | D:1      | Reached XP level 1. HP: 19/19 MP: 0/0
    90 | D:1      | Reached skill level 4 in Axes
   122 | D:1      | Found a faded altar of an unknown god.
   132 | D:1      | Reached XP level 2. HP: 27/27 MP: 1/1
   449 | D:1      | Reached skill level 4 in Fighting
   766 | D:2      | Noticed a phantom
   782 | D:2      | Killed a phantom
   783 | D:2      | Reached skill level 5 in Axes
   783 | D:2      | Reached skill level 3 in Armour
   783 | D:2      | Reached XP level 3. HP: 16/34 MP: 2/2
   783 | D:2      | Reached XP level 4. HP: 19/41 MP: 3/3
  1254 | D:2      | Identified the +3 hunting sling "Yqieg" {flame, Will+}
  1403 | D:2      | Reached XP level 5. HP: 44/47 MP: 4/4
  2179 | D:2      | Reached ** piety under Trog
  2313 | D:2      | Reached skill level 4 in Armour
  2729 | D:3      | Found an iron altar of Okawaru.
  3118 | D:3      | Reached skill level 6 in Axes
  3313 | D:4      | Noticed Grinder
  3316 | D:4      | Noticed a phantom
  3323 | D:4      | Killed Grinder
  3324 | D:4      | Reached skill level 5 in Fighting
  3324 | D:4      | Reached XP level 6. HP: 56/56 MP: 5/5
  3325 | D:4      | Reached skill level 7 in Axes
  3335 | D:4      | Reached skill level 5 in Armour
  3335 | D:4      | Reached XP level 7. HP: 43/62 MP: 6/6
  3744 | D:4      | Reached skill level 6 in Fighting
  3880 | D:4      | Found a hazy altar of Hepliaklqana.
  4088 | D:4      | Reached skill level 8 in Axes
  4434 | D:4      | Found a runed translucent door.
  4435 | D:4      | Noticed Crazy Yiuf
  4441 | D:4      | Killed Crazy Yiuf
  4499 | D:5      | Entered Level 5 of the Dungeon
  4657 | D:5      | Reached skill level 6 in Armour
  4657 | D:5      | Reached XP level 8. HP: 71/71 MP: 7/7
  4722 | D:5      | Reached skill level 9 in Axes
  4727 | D:5      | Found a glowing golden altar of the Shining One.
  4739 | D:5      | Reached *** piety under Trog
  4835 | D:5      | Reached skill level 7 in Fighting
  4857 | D:5      | Identified the +5 war axe "Wuighann" {vorpal, Contam *Rage
                  | rPois Stlth+}
  4921 | D:5      | Found a sand-covered staircase.
  4942 | Ossuary  | Entered an ossuary
  5041 | Ossuary  | Reached **** piety under Trog
  5150 | D:5      | Reached skill level 10 in Axes
  5218 | D:5      | Found a bloodstained altar of Trog.
  5228 | D:5      | HP: 4/73 [orc warrior (14)]
  5229 | D:5      | Mangled by an orc warrior

Vanquished Creatures
  Grinder (D:4)
  2 sky beasts (D:5)
  A necrophage (D:5)
  2 ogres
  2 phantoms
  A scorpion (D:5)
  2 water moccasin zombies (Ossuary)
  A wyvern zombie (D:5)
  3 wights (D:4)
  A hound (D:4)
  2 jellies
  Crazy Yiuf (D:4)
  A gnoll shaman (D:4)
  2 mummies (Ossuary)
  A howler monkey skeleton (D:4)
  3 adders
  14 gnolls
  A shadow imp (D:5)
  An adder skeleton (D:4)
  4 adder zombies (Ossuary)
  3 dart slugs
  3 orcs
  4 bats
  7 endoplasms
  2 giant cockroaches
  8 goblins
  3 hobgoblins
  6 jackals
  A quokka (D:1)
  4 ball pythons
  A frilled lizard (D:2)
  5 gnoll zombies (Ossuary)
  2 goblin zombies (D:5)
  9 hobgoblin zombies
  6 kobolds
  2 kobold skeletons (D:5)
  5 kobold zombies
  2 orc skeletons (D:5)
  8 orc zombies
  4 rats
131 creatures vanquished.

Vanquished Creatures (others)
  A fungus (D:4)
1 creature vanquished.

Grand Total: 132 creatures vanquished

Table legend: (Time is in decaauts)
 A = Elapsed time spent in this place.
 B = Non-inter-level travel time spent in this place.
 C = Inter-level travel time spent in this place.
 D = Time resting spent in this place.
 E = Time spent auto-exploring this place.
 F = Levels seen in this place.
 G = Mean time per level.
                   A        B        C        D        E       F      G
               +--------+--------+--------+--------+--------+-----+--------+
         Total |   5369 |   5241 |    128 |   1177 |   3217 |   6 |  894.8 |
       Dungeon |   5187 |   5059 |    128 |   1177 |   3182 |   5 | 1037.4 |
       Ossuary |    181 |    181 |      0 |      0 |     35 |   1 |  181.0 |
               +--------+--------+--------+--------+--------+-----+--------+

Top non-repeatable levels by time:
     D:2: 1775 daAuts
     D:4: 1231 daAuts
     D:3: 891 daAuts
     D:1: 694 daAuts
     D:5: 594 daAuts
 Ossuary: 181 daAuts

Table legend:
 A = Non-vault XP
 B = Vault XP
 C = Vault XP percentage of total XP
 D = Non-vault monster count
 E = Vault monster count
 F = Vault count percentage of total count
                 A         B        C        D         E       F
            +---------+---------+-------+---------+---------+-------
      Total |    1691 |     602 |  26.3 |      85 |      46 |  35.1
            +---------+---------+-------+---------+---------+-------
        D:1 |      33 |       0 |   0.0 |      19 |       0 |   0.0
        D:2 |     236 |       3 |   1.3 |      20 |       2 |   9.1
        D:3 |      20 |       0 |   0.0 |       9 |       0 |   0.0
        D:4 |     646 |     330 |  33.8 |      23 |       2 |   8.0
        D:5 |     756 |      22 |   2.8 |      14 |      12 |  46.2
    Ossuary |       0 |     247 | 100.0 |       0 |      30 | 100.0
            +---------+---------+-------+---------+---------+-------
